 Dungeon Sprint DCSS version 0.29-a0-1009-g60c99734e7 (webtiles) character file.

Game seed: 8233155561439550636

666 Hubris850 the Grappler (level 7, -4/99 HPs)
             Began as a Troll Berserker on Aug 8, 2022.
             Was an Elder of Trog.
             Slain by an acid dragon (14 damage)
             ... in the Dungeon (Sprint IX: "|||||||||||||||||||||||||||||").
             The game lasted 00:01:11 (99 turns).

Hubris850 the Grappler (Troll Berserker)              Turns: 99, Time: 00:01:12

Health: -4/99      AC:  0    Str: 31    XL:     7   Next: 31%
Magic:  6/6        EV: 12    Int:  3    God:    Trog [****..]
Gold:   0          SH:  0    Dex:  9    Spells: 6/6 levels left

rFire   . . .      SeeInvis .     - Unarmed
rCold   . . .      Faith    .   (no shield)
rNeg    . . .      Spirit   .   a - +0 animal skin
rPois   .          Reflect  .   (helmet restricted)
rElec   .          Harm     .   (no cloak)
rCorr   .          Rampage  .   (gloves unavailable)
Will    .....      NoTele   +   (boots unavailable)
Stlth   ..........              (no amulet)
HPRegen 1.06/turn               k - +2 ring of evasion
MPRegen 0.10/turn               l - +3 ring of strength

@: berserking (expiring), weakened, corroded, very quick
A: large, unfitting armour, claws 3, regeneration 1, shaggy fur 1, tough skin 1
a: Renounce Religion, Berserk, Trog's Hand, Brothers in Arms


You were in the Dungeon.
You worshipped Trog.
Trog was greatly pleased with you.
You visited 1 branch

Inventory:

Hand Weapons
 j - a +2 scimitar of flaming
Armour
 a - a +0 animal skin (worn)
Jewellery
 k - a +2 ring of evasion (left claw)
 l - a +3 ring of strength (right claw)
Wands
 i - a wand of light (10)
Scrolls
 g - 2 scrolls of blinking
Potions
 b - 5 potions of curing
 c - a potion of heal wounds
 d - a potion of haste
 e - 4 potions of magic
 f - a potion of berserk rage
 h - a potion of invisibility


   Skills:
 - Level 2.4 Fighting
 - Level 6.0 Long Blades
 - Level 2.4 Dodging
 + Level 14.3 Unarmed Combat


You had 6 spell levels left.
You didn't know any spells.
Your spell library was empty.

Dungeon Overview and Level Annotations

Branches:
Dungeon (1/1)

Altars:
Cheibriados
Dithmenos
Elyvilon
Fedhas
Gozag
Hepliaklqana
Kikubaaqudgha
Makhleb
Nemelex Xobeh
Okawaru
Qazlal
Ru
Sif Muna
Trog
Uskayaw
Vehumet
Wu Jian
Xom
Yredelemnul
Zin
The Shining One
Jiyva
Lugonu


Innate Abilities, Weirdness & Mutations

You are too large for most types of armour.
You have claws for hands.
Your natural rate of healing is unusually fast.
You are covered in fur. (AC +1)
You have tough skin. (AC +1)


Message History

Your Long Blades skill gained 6 levels and is now at level 6!
Your Unarmed Combat skill gained 6 levels and is now at level 14!
You have reached level 4!
You have reached level 5!
You have reached level 6!
You feel stronger.
You have reached level 7!
You barely miss something. You mangle something!! Trog accepts your kill.
Trog appreciates your killing of a magic user.
Reactivating autopickup.
You feel a bit more experienced. The acid dragon spits acid at you.
The splash of acid hits you!!
* * * LOW HITPOINT WARNING * * *
The acid corrodes you!
There is an open door to the Dungeon, spattered with blood here.
Items here: ))) [ ††.
You closely miss the acid dragon. The acid dragon barely misses you.
The acid dragon claws you.
* * * LOW HITPOINT WARNING * * *
You barely miss the acid dragon. You closely miss the acid dragon.
The gnoll bouda gazes fiercely through you!
You feel your attacks grow feeble. The acid dragon bites you!
* * * LOW HITPOINT WARNING * * *
The acid dragon misses you.
You barely miss the acid dragon. You claw the acid dragon!
The acid dragon is severely wounded.
The acid dragon completely misses you. The acid dragon claws you.
* * * LOW HITPOINT WARNING * * *
You closely miss the acid dragon.
The acid dragon is severely wounded.
You barely miss the acid dragon.
The acid dragon is severely wounded.
The acid dragon bites you!
You die...

▓+▓
▓.▓
▓.▓
▓o▓
▓g▓
▓O▓
▓D▓
▓@▓
▓.▓
▓.▓
▓[▓
▓[▓
▓[▓
▓.▓
▓)▓
▓?▓


You could see a two-headed ogre, an orc warrior, an acid dragon and a gnoll
bouda.

Vanquished Creatures
  A two-headed ogre (D)
  An iguana (D)
  An orc wizard (D)
  2 adders (D)
  2 dart slugs (D)
  2 orcs (D)
  A bat (D)
  2 endoplasms (D)
12 creatures vanquished.

Notes
Turn   | Place    | Note
-------+----------+-------------------------------------------
     0 | D        | Hubris850 the Troll Berserker began the quest for the Orb.
     0 | D        | Reached XP level 1. HP: 22/22 MP: 0/0
     8 | D        | Reached skill level 4 in Unarmed Combat
    12 | D        | Reached ** piety under Trog
    14 | D        | Reached skill level 5 in Unarmed Combat
    14 | D        | Reached XP level 2. HP: 29/29 MP: 1/1
    21 | D        | Reached skill level 6 in Unarmed Combat
    22 | D        | Reached *** piety under Trog
    24 | D        | Reached skill level 7 in Unarmed Combat
    24 | D        | Reached XP level 3. HP: 36/36 MP: 2/2
    31 | D        | Reached skill level 8 in Unarmed Combat
    36 | D        | Found a snail-covered altar of Cheibriados.
    36 | D        | Found a shadowy altar of Dithmenos.
    36 | D        | Found a white marble altar of Elyvilon.
    36 | D        | Found a blossoming altar of Fedhas.
    36 | D        | Found an opulent altar of Gozag.
    37 | D        | Found a hazy altar of Hepliaklqana.
    38 | D        | Found a viscous altar of Jiyva.
    39 | D        | Found an ancient bone altar of Kikubaaqudgha.
    40 | D        | Found a corrupted altar of Lugonu.
    41 | D        | Found a burning altar of Makhleb.
    42 | D        | Found a sparkling altar of Nemelex Xobeh.
    43 | D        | Found an iron altar of Okawaru.
    44 | D        | Found a stormy altar of Qazlal.
    45 | D        | Found a sacrificial altar of Ru.
    46 | D        | Found a shimmering blue altar of Sif Muna.
    47 | D        | Found a bloodstained altar of Trog.
    48 | D        | Found a hide-covered altar of Uskayaw.
    49 | D        | Found a radiant altar of Vehumet.
    50 | D        | Found an ornate altar of the Wu Jian Council.
    51 | D        | Found a shimmering altar of Xom.
    52 | D        | Found a basalt altar of Yredelemnul.
    53 | D        | Found a glowing silver altar of Zin.
    54 | D        | Found a glowing golden altar of the Shining One.
    81 | D        | Noticed an orc warrior
    81 | D        | Noticed a two-headed ogre
    81 | D        | Noticed an acid dragon
    81 | D        | Noticed a two-headed ogre
    89 | D        | Killed a two-headed ogre
    89 | D        | Reached **** piety under Trog
    90 | D        | Reached skill level 14 in Unarmed Combat
    90 | D        | Reached XP level 4. HP: 28/44 MP: 3/3
    90 | D        | Reached XP level 5. HP: 32/50 MP: 4/4
    90 | D        | Reached XP level 6. HP: 37/59 MP: 5/5
    90 | D        | Reached XP level 7. HP: 42/66 MP: 6/6
    99 | D        | Slain by an acid dragon

Illustrated notes

Levels and vault maps discovered:
D:        linesprint [early_d, line_temple, items_1, d_10, items_2, lair_1,
          lair_end, items_3, orc_1, orc_end, items_4, d_15, swamp_1, shoals_1,
          snake_1, spider_1, d_20, vaults_1, items_5, swamp_end, shoals_end,
          snake_end, spider_end, vaults_end, d_27, items_6, zot_1, zot_end,
          crypt_end, forest_end, elf_end, slime_end, tomb_end, abyss_end,
          pan_hell_end]

Skill      XL: |  1  2  3 |
---------------+----------+-----
Unarmed Combat | 5 7 14 | 14.3
Long Blades    | 6 |  6.0
Fighting       | |  2.4
Dodging        | |  2.4

Action                   |  1- 3 |  4- 6 |  7- 9 || total
-------------------------+-------+-------+-------++-------
Melee: Unarmed           |    24 |       |     9 ||    33
       Punch             |     1 |       |       ||     1
Invok: Berserk           |     1 |       |       ||     1
  Use: Potion            |     2 |       |       ||     2
 Stab: Sleeping          |     1 |       |       ||     1
Armor: Animal skin       |     5 |       |       ||     5
Dodge: Dodged            |    11 |       |     3 ||    14

Table legend: (Time is in decaauts)
 A = Elapsed time spent in this place.
 B = Non-inter-level travel time spent in this place.
 C = Inter-level travel time spent in this place.
 D = Time resting spent in this place.
 E = Time spent auto-exploring this place.
 F = Levels seen in this place.
 G = Mean time per level.
                   A        B        C        D        E       F      G
               +--------+--------+--------+--------+--------+-----+--------+
         Total |     89 |     89 |      0 |      0 |      0 |   1 |   89.0 |
       Dungeon |     89 |     89 |      0 |      0 |      0 |   1 |   89.0 |
               +--------+--------+--------+--------+--------+-----+--------+

Top non-repeatable levels by time:
       D: 89 daAuts
